 Dungeon Crawl Stone Soup version 0.29.1-2-gbd0b4ee654 (webtiles) character file.

Game seed: 4889669424666782747

27 Doomgape the Shield-Bearer (level 3, 0/24 HPs)
             Began as a Gargoyle Fighter on Oct 23, 2022.
             Slain by a quokka (2 damage)
             ... on level 2 of the Dungeon.
             The game lasted 00:02:19 (1185 turns).

Doomgape the Shield-Bearer (Gargoyle Fighter)       Turns: 1185, Time: 00:02:20

Health: 0/24       AC: 10    Str: 21    XL:     3   Next: 10%
Magic:  3/3        EV:  9    Int:  8    God:
Gold:   71         SH:  4    Dex:  9    Spells: 2/2 levels left

rFire   . . .      SeeInvis .   e - +0 morningstar
rCold   . . .      Faith    .   c - +0 buckler
rNeg    + . .      Spirit   .   b - +0 scale mail
rPois   ∞          Reflect  .   (no helmet)
rElec   +          Harm     .   (no cloak)
rCorr   .          Rampage  .   (no gloves)
Will    .....                   (no boots)
Stlth   ..........              (no amulet)
HPRegen 0.08/turn               (no ring)
MPRegen 0.08/turn               (no ring)

@: no status effects
A: sickness immunity, AC +3, negative energy resistance 1, electricity
resistance, torment resistance 1, petrification resistance
a: no special abilities


You were on level 2 of the Dungeon.
You visited 1 branch of the dungeon, and saw 2 of its levels.

You collected 71 gold pieces.

Inventory:

Hand Weapons
 e - a +0 morningstar (weapon)
Armour
 b - a +0 scale mail (worn)
 c - a +0 buckler (worn)
Scrolls
 a - a scroll of identify
Potions
 d - 2 potions of might


   Skills:
 + Level 3.6 Fighting
 + Level 2.4 Maces & Flails
 + Level 3.6 Armour
 + Level 3.7 Shields


You had 2 spell levels left.
You didn't know any spells.
Your spell library contained the following spells:

 Spells                   Type           Power      Damage    Failure   Level
 Foxfire                  Conj/Fire      0%         2x1d4     83%         1
 Conjure Flame            Conj/Fire      0%         6-21      99%         3
 Inner Flame              Hex/Fire       0%         N/A       99%         3
 Flame Wave               Conj/Fire      0%         2d4       100%        4


Dungeon Overview and Level Annotations

Branches:
Dungeon (2/15)

Altars:


Innate Abilities, Weirdness & Mutations

You are immune to sickness and miasma.
Your stone body is resilient. (AC +3)
You are immune to poison.
You resist negative energy. (rN+)
You are resistant to electric shocks. (rElec)
You are resistant to unholy torment.
You are immune to petrification.


Message History

The endoplasm hits you but does no damage.
The quokka bites you but does no damage.
You barely miss the quokka.
The quokka is moderately wounded.
The endoplasm freezes you.
You are frozen.
The quokka bites you.
The endoplasm hits you but does no damage.
You closely miss the quokka.
The quokka is moderately wounded.
The quokka bites you but does no damage.
The endoplasm hits you but does no damage.
The quokka bites you but does no damage.
You completely miss the quokka.
The quokka is moderately wounded.
The quokka barely misses you. The endoplasm freezes you.
You are frozen.
The quokka barely misses you.
The endoplasm hits you but does no damage.
You hit the quokka but do no damage.
The quokka is moderately wounded.
The quokka bites you but does no damage.
The endoplasm freezes you.
You are frozen.
You closely miss the quokka.
The quokka is moderately wounded.
The quokka bites you but does no damage.
You block the endoplasm's attack. The quokka closely misses you.
You closely miss the quokka.
The quokka is moderately wounded.
The quokka bites you. The endoplasm freezes you.
You are frozen.
* * * LOW HITPOINT WARNING * * *
The quokka barely misses you. The endoplasm freezes you.
You are frozen.
* * * LOW HITPOINT WARNING * * *
The quokka attacks as you move away! You block the quokka's attack.
The quokka bites you.
You die...

#.# #.# #.#
##.#####.#######
................
....>...<.).....
#..#.###J######.
#r# #@# #.# ..#
...# ....#
...... #.....#
#.....#


You could see an endoplasm and a quokka.

Vanquished Creatures
  A dart slug (D:1)
  4 giant cockroaches (D:1)
  4 goblins (D:1)
  A hobgoblin (D:1)
  A quokka (D:1)
  5 ball pythons (D:1)
  A bat (D:1)
  3 kobolds (D:1)
  3 rats (D:1)
23 creatures vanquished.

Notes
Turn   | Place    | Note
-------+----------+-------------------------------------------
     0 | D:1      | Doomgape the Gargoyle Fighter began the quest for the Orb.
     0 | D:1      | Reached XP level 1. HP: 14/14 MP: 1/1
    36 | D:1      | Found a faded altar of an unknown god.
   203 | D:1      | Reached XP level 2. HP: 8/19 MP: 2/2
   926 | D:1      | Reached XP level 3. HP: 23/23 MP: 3/3
  1182 | D:2      | HP: 1/24 [frozen (5)]
  1185 | D:2      | Slain by a quokka

Illustrated notes

Levels and vault maps discovered:
D:1:      evilmike_arrival_grusome_pit, layout_loops_cross,
          shapermc_ecumenical_altar_starsandcircs
D:2:      layout_basic

Action                   || total
-------------------------++-------
Melee: Morningstar       ||   102
  Use: Scroll            ||     3
Armor: Scale mail        ||    72
Dodge: Dodged            ||    68
Block: Buckler           ||    19
